 Dungeon Crawl Stone Soup version 0.31.0-4-g52a2dc7128 (webtiles) character file.

Game seed: 3320258818278045731

573625 mdonais the Wrestler (level 25, -25/548 HPs)
             Began as a Troll Enchanter on Jan 23, 2024.
             Was the Champion of the Shining One.
             Annihilated by a doom hound (36 damage)
             ... led by Grunn
             ... on level 4 of the Depths.
             The game lasted 03:37:27 (57500 turns).

mdonais the Wrestler (Troll Enchanter)             Turns: 57500, Time: 03:37:28

Health: -25/548    AC: 45    Str: 38    XL:     25   Next: 71%
Magic:  0/29       EV: 15    Int: 10    God:    the Shining One [******]
Gold:   2906       SH: 14    Dex: 11    Spells: 27/28 levels left

rFire   + +          .
                       - Unarmed
rCold   + + .        Y - +3 kite shield {rC+}
rNeg    + + +        V - +12 gold dragon scales
rPois   +            C - +2 hat of the Bear Spirit {Spirit, Bear, *Rage Will++}
rElec   +            L - +1 cloak of the Evening {Regen+ rCorr Str+5}
rCorr   +            (gloves unavailable)
SInv    .            (boots unavailable)
Will    +++..        s - amulet "Fysaych" {Acrobat ^Drain rElec rF+ rN+++} Stlth
                     y - +5 ring of evasion
HPRegen 2.71/turn    A - ring of Salvation {rElec rN+ AC+4 Slay+2}
MPRegen 0.21/turn

%: random rage (23%), acrobat, guardian spirit
@: berserking, slowed, glowing, studying Dodging
A: large, unfitting armour, claws 3, regeneration 1, shaggy fur 1, tough skin 1,
berserk 1, strong 1
}: 3/15 runes: decaying, silver, gossamer
a: Renounce Religion, Divine Shield, Cleansing Flame, Summon Divine Warrior,
Brand Weapon With Holy Wrath


You were on level 4 of the Depths.
You worshipped the Shining One.
The Shining One was exalted by your worship.
You visited 11 branches of the dungeon, and saw 47 of its levels.
You also visited: Sewer, Gauntlet, Ice Cave and Wizlab.

You collected 7698 gold pieces.
You spent 4792 gold pieces at shops.

Inventory:

Hand Weapons
 f - the +7 mace "Heafiorgh" {holy, SInv}
   (You took it off a spriggan air mage on level 3 of the Depths)

   SInv:      It lets you see invisible.
Missiles
 w - 91 large rocks (quivered)
 Z - a throwing net {=!f}
Armour
 h - a scarf of resistance
   (You acquired it on level 3 of the Crypt)
 m - a +0 tower shield
   (You took it off a vault guard on level 4 of the Vaults)
 C - the +2 hat of the Bear Spirit (worn) {Spirit, Bear, *Rage Will++}
   (You acquired it on level 10 of the Dungeon)

   Bear:      Going berserk makes the wearer exceptionally tough, and they are
   slowed for a shorter time afterward.
   Will++:    It greatly increases your willpower.
   *Rage:     It berserks you when you make melee attacks (+20% chance).
 L - the +1 cloak of the Evening (worn) {Regen+ rCorr Str+5}
   (You bought it in a shop on level 3 of the Elven Halls)

   Str+5:     It affects your strength (+5).
   Regen+:    It increases your rate of health regeneration.
   rCorr:     It protects you from acid and corrosion.
 V - +12 gold dragon scales (worn)
   (You found it on level 4 of the Depths)
 Y - a +3 kite shield of cold resistance (worn)
   (You found it in an ice cave)
Jewellery
 a - the amulet "Hifeor Eche" {Acrobat rElec rN+ Will+ rCorr Stlth+}
   (You acquired it on level 10 of the Dungeon)

   [amulet of the acrobat]

   Acrobat:   It increases your evasion while moving and waiting.
   rElec:     It insulates you from electricity.
   rN+:       It protects you from negative energy.
   Will+:     It increases your willpower.
   rCorr:     It protects you from acid and corrosion.
   Stlth+:    It makes you more stealthy.
 g - a ring of resist corrosion
   (You found it on level 3 of the Depths)
 k - a ring of protection from fire
   (You found it on level 7 of the Dungeon)
 r - an amulet of regeneration
   (You found it on level 2 of the Depths)
 s - the amulet "Fysaych" (around neck) {Acrobat ^Drain rElec rF+ rN+++}
   (You took it off a necromancer on level 3 of the Crypt)

   [amulet of the acrobat]

   Acrobat:   It increases your evasion while moving and waiting.
   rF+:       It protects you from fire.
   rElec:     It insulates you from electricity.
   rN+++:     It renders you almost immune to negative energy.
   ^Drain:    It drains your maximum health when unequipped.
 y - a +5 ring of evasion (left claw)
   (You found it on level 4 of the Dungeon)
 A - the ring of Salvation (right claw) {rElec rN+ AC+4 Slay+2}
   (You found it in a Gauntlet)

   [ring of protection]

   AC+4:      It affects your AC (+4).
   Slay+2:    It affects your accuracy & damage with ranged weapons and melee
   (+2).
   rElec:     It insulates you from electricity.
   rN+:       It protects you from negative energy.
 N - a ring of willpower
   (You took it off an orc warrior on level 9 of the Dungeon)
 R - a ring of flight
   (You found it on level 1 of the Depths)
Wands
 b - a wand of light (51)
   (You found it on level 5 of the Dungeon)
 D - a wand of digging (6)
   (You found it on level 1 of the Vaults)
 I - a wand of iceblast (71)
   (You found it on level 2 of the Dungeon)
Scrolls
 c - 7 scrolls of revelation
 d - 8 scrolls of fear
 e - 10 scrolls of fog
 l - 7 scrolls of poison
 p - 8 scrolls of immolation
 v - 3 scrolls of butterflies
 x - 2 scrolls of enchant armour
 B - 11 scrolls of blinking
 P - 3 scrolls of silence
 T - 15 scrolls of teleportation
Potions
 j - 11 potions of mutation
 o - 9 potions of ambrosia
 q - 15 potions of might
 t - 6 potions of resistance
 u - 7 potions of magic
 z - 14 potions of heal wounds
 E - 3 potions of cancellation
 H - 5 potions of haste
 J - 12 potions of attraction
 K - 5 potions of lignification
 O - 5 potions of enlightenment
 Q - 20 potions of curing
 S - a potion of berserk rage
Miscellaneous
 i - a lightning rod (4/4)
   (You found it in a Gauntlet)
 n - a condenser vane
   (You found it on level 4 of the Vaults)
 U - a phial of floods
   (You found it in an ice cave)
 W - a phantom mirror
   (You found it on level 5 of the Vaults)
 X - a box of beasts
   (You found it on level 3 of the Vaults)


   Skills:
 + Level 20.2 Fighting
 - Level 0.7 Short Blades
 - Level 20.0 Armour
 + Level 14.1 Dodging
 - Level 1.5 Stealth
 - Level 12.0 Shields
 + Level 26.0 Unarmed Combat
 - Level 2.0 Spellcasting
 - Level 2.0 Hexes
 - Level 10.0 Invocations
 - Level 3.0 Evocations


You had 27 spell levels left.
You knew the following spells:

 Your Spells              Type           Power      Damage    Failure   Level
a - Slow                  Hex            20%        N/A       77%         1

Your spell library contained the following spells:

 Spells                   Type           Power      Damage    Failure   Level
 Jinxbite                 Hex            10%        N/A       88%         2
 Foxfire                  Conj/Fire      4%         2x1d4     95%         1
 Kiss of Death            Conj/Necr      4%         2d5       95%         1
 Magic Dart               Conj           4%         1d3       95%         1
 Necrotise                Necr           4%         1d4       95%         1
 Sandblast                Erth           2%         2d4       95%         1
 Shock                    Conj/Air       4%         1d3       95%         1
 Sting                    Conj/Alch      4%         1d3       95%         1
 Ensorcelled Hibernation  Hex/Ice        6%         N/A       95%         2
 Confusing Touch          Hex            5%         N/A       98%         3
 Sigil of Binding         Hex            5%         N/A       98%         3
 Tukima's Dance           Hex            5%         N/A       98%         3
 Blink                    Tloc           2%         N/A       99%         2
 Call Imp                 Summ           2%         N/A       99%         2
 Lesser Beckoning         Tloc           2%         N/A       99%         2
 Mercury Vapours          Alch/Air       2%         N/A       99%         2
 Scorch                   Fire           2%         2d5       99%         2
 Dazzling Flash           Conj/Hex       6%         N/A       99%         3
 Inner Flame              Hex/Fire       3%         N/A       99%         3
 Fugue of the Fallen      Necr           1%         N/A       100%        3
 Gell's Gravitas          Tloc           1%         N/A       100%        3
 Mephitic Cloud           Conj/Alch/Air  1%         N/A       100%        3
 Passwall                 Erth           1%         N/A       100%        3
 Stone Arrow              Conj/Erth      2%         3d7       100%        3
 Summon Ice Beast         Ice/Summ       1%         N/A       100%        3
 Swiftness                Air            1%         N/A       100%        3
 Teleport Other           Tloc           1%         N/A       100%        3
 Vampiric Draining        Necr           1%         2d6       100%        3
 Airstrike                Air            0%         2d(1-17)  100%        4
 Anguish                  Hex/Necr       1%         N/A       100%        4
 Brom's Barrelling Bould  Conj/Erth      1%         2d3       100%        4
 Cause Fear               Hex            2%         N/A       100%        4
 Dispel Undead            Necr           1%         3d6       100%        4
 Flame Wave               Conj/Fire      1%         2d4       100%        4
 Ignite Poison            Fire/Alch      1%         N/A       100%        4
 Iskenderun's Mystic Bla  Conj/Tloc      1%         2d3       100%        4
 Leda's Liquefaction      Alch/Erth      0%         N/A       100%        4
 Olgreb's Toxic Radiance  Alch           1%         N/A       100%        4
 Passage of Golubria      Tloc           1%         N/A       100%        4
 Sticky Flame             Fire/Alch      1%         2d4       100%        4
 Summon Blazeheart Golem  Fire/Summ      1%         N/A       100%        4
 Summon Lightning Spire   Summ/Air       1%         N/A       100%        4
 Curse of Agony           Necr           1%         N/A       100%        5
 Fireball                 Conj/Fire      0%         3d3       100%        5
 Freezing Cloud           Conj/Ice/Air   0%         6-21      100%        5
 Iskenderun's Battlesphe  Conj           1%         2d6       100%        5
 Lee's Rapid Deconstruct  Erth           0%         3d4*      100%        5
 Silence                  Hex/Air        1%         N/A       100%        5
 Summon Forest            Summ/Tloc      0%         N/A       100%        5
 Summon Mana Viper        Hex/Summ       3%         N/A       100%        5
 Yara's Violent Unravell  Hex/Alch       1%         3d3       100%        5
 Bombard                  Conj/Erth      0%         9d1       100%        6
 Conjure Ball Lightning   Conj/Air       0%         3x3d6     100%        6
 Eringya's Noxious Bog    Alch           0%         4d6       100%        6
 Plasma Beam              Fire/Air       0%         2x1d10    100%        6
 Starburst                Conj/Fire      0%         6d3       100%        6
 Summon Cactus Giant      Summ           0%         N/A       100%        6
 Enfeeble                 Hex            2%         N/A       100%        7
 Malign Gateway           Summ/Tloc      0%         N/A       100%        7
 Orb of Destruction       Conj           0%         9d5       100%        7
 Ozocubu's Refrigeration  Ice            0%         4d7       100%        7
 Summon Hydra             Summ           0%         N/A       100%        7
 Discord                  Hex            2%         N/A       100%        8
 Ignition                 Fire           0%         3d3       100%        8
 Dragon's Call            Summ           0%         N/A       100%        9


Dungeon Overview and Level Annotations

Branches:
Dungeon (15/15) Zot: 25329  Temple (1/1) D:5 Zot: 5961    Lair (5/5) D:11 Zot: 24673
  Swamp (4/4) Lair:3 Zot: 20754  Spider (4/4) Lair:2 Zot: 18885   Slime (0/5) Lair:4
    Orc (2/2) D:9 Zot: 9536     Elf (3/3) Orc:2 Zot: 15139  Vaults (5/5) D:14 Zot: 20194
  Crypt (3/3) Vaults:3 Zot: 13990    Tomb (0/3) Crypt:3      Depths (4/4) D:15 Zot: 17235
    Zot (1/5) Depths:4 Zot: 5993   Sewer (visited)           IceCv (visited)
 WizLab (visited)         Gauntlet (visited)

Altars:
Ashenzari
Cheibriados
Dithmenos
Elyvilon
Fedhas
Gozag
Hepliaklqana
Kikubaaqudgha
Makhleb
Nemelex Xobeh
Okawaru
Qazlal
Ru
Sif Muna
Trog
Uskayaw
Vehumet
Wu Jian
Xom
Yredelemnul
Zin
The Shining One
Jiyva

Shops:
D:7 [   Orc:2 ?(:?   Elf:1 [   Elf:2 [!![   Elf:3 ?[=[   Vaults:1 (
Vaults:2 ((   Vaults:5 ?!??   Depths:2 *   Depths:4 =::

Portals:
Hell: Depths:1 Depths:2 Depths:3 Depths:4
Abyss: Depths:3
Pandemonium: Depths:1 Depths:2
Ziggurat: Depths:1

Annotations:
Elf:3 exclusion: deep elf high priest
Crypt:2 2 transporters
Depths:4 2 transporters, Barug's ghost, adept TrMo
Zot:1 Grunn


Innate Abilities, Weirdness & Mutations

You are too large for most types of armour.
You have claws for hands.
Your natural rate of healing is unusually fast.
You are covered in fur. (AC +1)
You have tough skin. (AC +1)
You sometimes lose your temper in combat.
Your muscles are strong. (Str +4, Int/Dex -1)


Message History

The doom hound claws you but does no damage.
You regained 2 hp, and now have 200/274 hp.
You mangle the white draconian!!
The white draconian is almost dead.
The death cob barely misses you. The death cob hits you!
The death cob drains your vigour!
You feel as though you will be slow longer.
The moth of wrath goads the doom hound on!
The doom hound goes berserk!
The white draconian hits you with a +2 battleaxe of freezing!
The white draconian freezes you. The doom hound bites you!
The doom hound barely misses you.
You take 30 damage, and have 170/274 hp.
You now have 20/29 mp.
You mangle the white draconian!!
You kill the white draconian!
The death cob hits you. The doom hound misses you.
The doom hound barely misses you. The death cob closely misses you.
The doom hound unleashes a terrible howl, but you easily resist.
Training target 20.0 for Armour reached!
Your Armour skill increases to level 20!
You eviscerate the doom hound!!!
The doom hound is moderately wounded.
You block the death cob's attack. You block the doom hound's attack.
The doom hound claws you but does no damage.
The death cob hits you but does no damage.
You block the doom hound's attack. The doom hound barely misses you.
The doom hound bites you but does no damage.
The doom hound claws you but does no damage.
The doom hound closely misses you.
The doom hound claws you but does no damage.
The death cob hits you. The death cob drains your vigour!
You feel as though you will be slow longer.
A red film seems to cover your vision as you go berserk!
You feel yourself moving faster!
You feel mighty!
You mangle the doom hound!!
The doom hound is heavily wounded.
The doom hound barely misses you.
The doom hound claws you but does no damage.
The death cob hits you but does no damage.
The doom hound bites you. You block the doom hound's attack.
The moth of wrath goads the doom hound on!
The doom hound goes berserk!
The doom hound closely misses you.
The doom hound claws you but does no damage.
You block the doom hound's attack. x2; The death cob hits you!
The death cob drains your vigour!
You feel as though you will be slow longer.
You now have 320/548 hp.
You eviscerate the doom hound!!!
The doom hound is almost dead.
The doom hound closely misses you. The doom hound claws you!
The death cob closely misses you. The doom hound bites you!!
You block the doom hound's attack.
The doom hound unleashes a terrible howl, but you resist with some effort.
You closely miss the doom hound.
The doom hound is almost dead.
The death cob misses you. The doom hound bites you. The doom hound claws you!!
The doom hound bites you!! The doom hound closely misses you.
The moth of wrath goads the doom hound on!
The doom hound goes berserk!
You block the death cob's attack. The doom hound bites you!
The doom hound claws you but does no damage.
You take 96 damage, and have 224/548 hp.
You now have 13/29 mp.
You are too injured to fight recklessly!
You are too injured to fight recklessly!
You are too injured to fight recklessly!
You are too injured to fight recklessly!
You are too injured to fight recklessly!
You are too injured to fight recklessly!
You are too injured to fight recklessly!
You scratch the death cob but do no damage.
The doom hound misses you.
The doom hound claws you but does no damage.
The doom hound bites you!! You block the doom hound's attack.
The death cob hits you but does no damage.
The doom hound closely misses you. You block the doom hound's attack.
The doom hound bites you but does no damage.
The doom hound claws you but does no damage.
You take 28 damage, and have 196/548 hp.
You now have 11/29 mp.
You eviscerate the doom hound!!!
You kill the doom hound!
The Shining One accepts your kill. You block the death cob's attack.
The doom hound bites you but does no damage.
The doom hound claws you! The doom hound bites you! The doom hound claws you!!
* * * LOW HITPOINT WARNING * * *
You take 54 damage, and have 142/548 hp.
You now have 8/29 mp.
You scratch the death cob.
The death cob is lightly damaged.
You block the death cob's attack. The doom hound misses you.
The doom hound claws you but does no damage.
The doom hound bites you but does no damage.
The doom hound claws you!!
* * * LOW HITPOINT WARNING * * *
The death cob hits you.
* * * LOW HITPOINT WARNING * * *
The death cob drains your vigour!
You feel as though you will be slow longer.
You take 33 damage, and have 109/548 hp.
You now have 7/29 mp.
You eviscerate the moth of wrath!!!
The moth of wrath is almost dead.
You block the death cob's attack.
The doom hound bites you but does no damage.
The doom hound claws you but does no damage.
The doom hound misses you. x2
You mangle the moth of wrath!!
You kill the moth of wrath!
The death cob barely misses you. The doom hound bites you!!
* * * LOW HITPOINT WARNING * * *
You block the doom hound's attack. The doom hound bites you.
* * * LOW HITPOINT WARNING * * *
The doom hound barely misses you.
You take 19 damage, and have 91/548 hp.
You now have 5/29 mp.
You barely miss the doom hound. The death cob hits you.
* * * LOW HITPOINT WARNING * * *
You block the doom hound's attack. The doom hound barely misses you.
You block the doom hound's attack. x2; The death cob hits you.
* * * LOW HITPOINT WARNING * * *
The death cob drains your vigour!
You feel as though you will be slow longer.
You take 4 damage, and have 87/548 hp.
You claw the doom hound!
The doom hound is lightly wounded.
The death cob hits you but does no damage.
The doom hound bites you!!
* * * LOW HITPOINT WARNING * * *
You block the doom hound's attack. The doom hound bites you!!!
* * * LOW HITPOINT WARNING * * *
The doom hound claws you but does no damage.
The death cob closely misses you. The doom hound completely misses you.
The doom hound claws you but does no damage.
You take 72 damage, and have 15/548 hp.
You now have 1/29 mp.
You closely miss the doom hound.
The doom hound is lightly wounded.
The doom hound barely misses you.
The doom hound claws you but does no damage.
The death cob barely misses you. You block the doom hound's attack. x2
You are too berserk!
You are too berserk!
Okay, then.
You mangle the doom hound!!
The doom hound is moderately wounded.
The doom hound bites you!
* * * LOW HITPOINT WARNING * * *
The doom hound barely misses you. The death cob barely misses you.
The doom hound bites you!!!
You die...

......###......###......##
....^.##.#...).........#.#
......##..#...#####...#..#
......##...####...####...#
......##...#....8....#...#
'#######[..#.8.....8.#...##
......#.).##....#....##...#
####..'.#.#....#h#...)#.#.#
####..'.#.#.8.#†@z#.8.).#.#
..)...'.#.#....#h#....#.#.#
####.##...##....#....##...#
# #.###...#.8.....8.#...##
# #.# #...#....8....#...# #
#.###...####...####...# #
#..##..#...#####...#..# #
#..##.#.............#.# #
##.###......###...)..##


You could see 2 doom hounds and a death cob.

Vanquished Creatures
  A dread lich (Vaults:5)
  4 ancient liches
  2 juggernauts
  Sojobo (Depths:1)
  4 golden dragons
  the Enchantress (Depths:2)
  Norris (Elf:3)
  Nikola (Depths:1)
  A doom hound (Depths:4)
  Rupert (Lair:1)
  3 tentacled monstrosities
  2 walking crystal tomes
  6 liches
  A deep elf blademaster (Elf:2)
  2 walking earthen tomes (Depths:3)
  2 walking frostbound tomes (Depths:3)
  Jorgrun (Swamp:3)
  Asterion (Depths:1)
  7 titans
  A walking divine tome (Depths:3)
  8 sphinxes
  A quicksilver dragon (Depths:3)
  3 ancient champions (Crypt:1)
  The ghost of Jase the Champion of Chaos, an adept HOMo of Makhleb (Swamp:2)
  9 tengu reavers
  Donald (Elf:2)
  6 shadow dragons
  2 storm dragons
  A thorn hunter (Swamp:4)
  A fenstrider witch (Swamp:3)
  9 fire giants
  A draconian monk (Depths:4)
  6 deep elf sorcerers
  Roxanne (Spider:2)
  17 vault wardens
  2 draconian knights (Depths:4)
  15 frost giants
  4 iron dragons
  10 emperor scorpions
  A draconian scorcher (Depths:4)
  Louise (Spider:1)
  2 curse skulls (Crypt:3)
  5 ghost moths
  5 spriggan defenders
  A juggernaut zombie (Crypt:3)
  A caustic shrike zombie (Crypt:3)
  6 reapers
  24 ironbound preservers
  2 orc warlords
  20 stone giants
  5 broodmothers
  9 ghouls
  2 formless jellyfish
  21 very ugly things
  6 vampire knights
  2 green draconians (Depths:4)
  3 ironbound thunderhulks
  A deep elf demonologist (Elf:3)
  3 eleionomae
  2 black draconians (Depths:4)
  7 war gargoyles
  6 deep elf death magi
  A purple draconian (Depths:4)
  3 white draconians (Depths:4)
  4 dire elephants (Vaults:1)
  A minotaur (Gauntlet)
  3 spark wasps
  5 bunyips
  An orange crystal statue (WizLab)
  A jiangshi (Crypt:2)
  8 eidola (Crypt:3)
  13 ettins
  8 entropy weavers
  2 shambling mangroves (Swamp:4)
  A mummy priest (Crypt:3)
  Josephine (D:10)
  3 crystal guardians
  11 fire dragons
  18 yaktaur captains
  3 deep elf high priests
  33 vault guards
  2 quicksilver dragon zombies (Crypt:3)
  2 hell beasts
  6 ice dragons
  4 rakshasas
  29 hydras
  9 great orbs of eyes
  3 quicksilver dragon skeletons
  A salamander tyrant (Depths:1)
  4 jorogumos
  3 peacekeepers
  6 spriggan air magi
  A two-headed ogre (shapeshifter) (Vaults:4)
  5 ironbound frosthearts
  6 radroaches
  A death knight (Crypt:1)
  Harold (D:10)
  11 alligators
  A radroach (shapeshifter) (Vaults:4)
  3 spriggan skeletons (Crypt:3)
  13 two-headed ogres
  A catoblepas (D:14)
  7 ghost crabs
  2 ogre magi
  13 centaur warriors
  27 dancing weapons
  6 deep troll shamans
  6 boulder beetles
  5 tengu warriors
  13 deep troll earth magi
  7 demonic crawlers
  A sphinx skeleton (Vaults:3)
  8 soul eaters
  A bennu skeleton (Crypt:1)
  A quicksilver ooze zombie (Crypt:2)
  7 death yaks
  6 vampire magi
  3 hell knights
  A hell hog (Lair:5)
  3 occultists
  7 spriggan berserkers
  6 orc high priests (Orc:2)
  A sun demon (Depths:2)
  15 spriggans
  5 skysharks
  18 deep elf knights
  10 iron trolls
  2 titan skeletons
  4 goliath frogs
  A fire crab (Gauntlet)
  19 skeletal warriors
  2 shadow wraiths (Crypt:2)
  A spectral spark wasp (Depths:1)
  80 deep trolls
  5 sun moths
  2 pharaoh ants
  2 spriggan druids
  4 flayed ghosts
  13 swamp dragons
  8 arcanists
  17 phantasmal warriors
  A mana viper (shapeshifter) (Depths:3)
  9 orb spiders
  4 glowing orange brains
  A glowing orange brain (shapeshifter) (Depths:3)
  5 steelbarb worms
  4 bog bodies
  A glowing shapeshifter (Depths:1)
  6 deep elf archers
  18 necromancers
  26 deep elf pyromancers
  5 orc knights
  8 lindwurms
  21 ironbound convokers
  A fire giant zombie (Vaults:4)
  A cyclops (shapeshifter) (Depths:3)
  18 wolf spiders
  6 orc sorcerers
  43 ugly things
  Pikel (D:9)
  27 deep elf zephyrmancers
  2 stone giant zombies (Crypt:3)
  2 manticores
  An oklob plant (Lair:5)
  3 will-o-the-wisps
  3 cyclopes
  4 moths of wrath
  2 kobold blastminers (Orc:1)
  6 meliai
  25 elephants
  Joseph (D:10)
  16 vault sentinels
  3 naga zombies (Crypt:3)
  An eleionoma skeleton (Crypt:1)
  4 black mambas
  A water nymph (shapeshifter) (D:15)
  3 gargoyles (Depths:2)
  An eye of devastation (shapeshifter) (Vaults:4)
  3 torpor snails
  11 cane toads
  An ice statue (IceCv)
  The ghost of dialectric the Covered, a novice DsFi (D:5)
  A red draconian zombie (Crypt:2)
  An alligator snapping turtle zombie (Crypt:3)
  8 freezing wraiths
  An unseen horror (shapeshifter) (D:9)
  2 minotaur zombies (Gauntlet)
  A hellion (Depths:1)
  2 efreet (D:13)
  2 unseen horrors (D:10)
  17 yaktaurs
  6 tengu conjurers
  4 rime drakes
  15 komodo dragons
  An elf skeleton (Vaults:4)
  A kobold demonologist (D:9)
  2 harpy zombies (Crypt:3)
  8 trolls
  15 hornets
  16 polar bears
  2 queen bees (shapeshifter)
  2 bloated husks
  13 hellwings (Crypt:3)
  A shadow dragon simulacrum (Crypt:1)
  A wolf spider simulacrum (D:15)
  5 tyrant leeches
  A raiju (Lair:5)
  A glass eye (Depths:3)
  A tarantella zombie (Crypt:2)
  23 tarantellas
  17 blink frogs
  A snapping turtle (shapeshifter) (Vaults:5)
  2 harpy skeletons (Crypt:1)
  49 slime creatures
  A human simulacrum (Vaults:4)
  24 jumping spiders
  2 black mamba zombies
  19 culicivoras
  8 air elementals
  An ettin skeleton (Crypt:1)
  2 vampires (Vaults:3)
  12 water elementals
  4 wyverns
  A dire elephant simulacrum (IceCv)
  4 fire bats (Gauntlet)
  5 fire elementals
  46 yaks
  2 shadows
  An elf zombie (Vaults:3)
  18 wraiths
  A human (Lair:1)
  2 ushabtiu (Crypt:3)
  9 vampire mosquitoes
  9 basilisks
  43 redbacks
  2 steam dragons (D:9)
  2 death yak simulacra (IceCv)
  A basilisk (shapeshifter) (D:15)
  16 wargs
  A harpy simulacrum (IceCv)
  A glowing shapeshifter zombie (Vaults:3)
  20 water moccasins
  16 swamp worms
  2 hydra simulacra (IceCv)
  15 hell hounds
  2 acid dragons
  A human zombie (Vaults:3)
  A two-headed ogre skeleton (Crypt:2)
  An ice beast (D:7)
  6 laughing skulls
  A naga skeleton (Crypt:3)
  3 sky beasts
  7 swamp drakes
  14 black bears
  17 orc warriors
  8 ogres
  A boggart (Elf:1)
  A crocodile (Sewer)
  A lindwurm skeleton (Crypt:1)
  19 wolves
  3 lemures (D:9)
  The ghost of Drablr the Sneak, an amateur DjEn (D:3)
  9 centaurs
  3 earth elementals
  7 kobold brigands
  A rime drake skeleton (Crypt:1)
  19 bullfrogs
  2 necrophages
  A brain worm (Sewer)
  A scorpion (D:7)
  4 two-headed ogre simulacra (IceCv)
  19 wights
  A cane toad simulacrum (IceCv)
  11 wyvern skeletons (Crypt:3)
  3 elephant simulacra (IceCv)
  13 killer bees (D:9)
  An electric eel (Lair:2)
  6 howler monkeys
  A troll skeleton (Crypt:2)
  A basilisk zombie (Crypt:2)
  5 hounds
  A jelly (D:4)
  29 orc priests
  2 bombardier beetles (D:4)
  Crazy Yiuf (D:5)
  Jessica (D:3)
  5 iguanas
  2 sleepcaps
  Ijyb (D:5)
  28 orc wizards
  5 spriggan simulacra (IceCv)
  5 troll simulacra (IceCv)
  2 polar bear simulacra (IceCv)
  2 wolf simulacra (IceCv)
  A tengu skeleton (Crypt:1)
  A mummy (Crypt:3)
  12 gnolls
  12 adders
  5 naga simulacra (IceCv)
  A river rat (Sewer)
  12 white imps
  6 ufetubi
  A jelly zombie (Crypt:2)
  3 dart slugs
  2 ribbon worms
  73 orcs
  11 ball pythons
  6 endoplasms
  5 giant cockroaches
  9 hobgoblins
  4 jackals
  2 quokkas
  10 bats
  3 frilled lizards
  6 goblins
  A goblin skeleton (Crypt:1)
  26 kobolds
  An orc skeleton (Crypt:1)
  5 rats
2156 creatures vanquished.

Vanquished Creatures (others)
  A vault sentinel (Vaults:3)
  2 bloated husks (Swamp:2)
  2 hornets
  A redback (Spider:4)
  12 foxfires
18 creatures vanquished.

Grand Total: 2174 creatures vanquished

Notes
Turn   | Place    | Note
-------+----------+-------------------------------------------
     0 | D:1      | mdonais the Troll Enchanter began the quest for the Orb.
     0 | D:1      | Reached XP level 1. HP: 16/16 MP: 1/1
    93 | D:1      | Reached skill level 1 in Unarmed Combat
    97 | D:1      | Reached XP level 2. HP: 26/26 MP: 2/2
   126 | D:1      | Reached skill level 1 in Fighting
   549 | D:1      | Reached XP level 3. HP: 33/33 MP: 3/3
   824 | D:2      | Reached skill level 2 in Unarmed Combat
  1138 | D:2      | Reached XP level 4. HP: 42/42 MP: 4/4
  1225 | D:2      | Found a faded altar of an unknown god.
  1454 | D:3      | Noticed Jessica
  1461 | D:3      | Killed Jessica
  1506 | D:3      | Reached skill level 3 in Unarmed Combat
  1513 | D:3      | Reached XP level 5. HP: 50/50 MP: 5/5
  1584 | D:3      | Noticed Drablr's ghost (amateur DjEn)
  1585 | D:3      | Found a transporter.
  1585 | D:3      | Noticed an ogre
  1585 | D:3      | Noticed an ogre
  1586 | D:3      | Noticed an ogre
  1587 | D:3      | Found a transporter.
  1922 | D:3      | Found a hide-covered altar of Uskayaw.
  2122 | D:4      | Noticed a black bear
  2136 | D:4      | Killed a black bear
  2137 | D:4      | Reached skill level 4 in Unarmed Combat
  2137 | D:4      | Reached XP level 6. HP: 61/61 MP: 6/6
  2606 | D:4      | Reached skill level 5 in Unarmed Combat
  2750 | D:5      | Entered Level 5 of the Dungeon
  2800 | D:5      | Reached XP level 7. HP: 70/70 MP: 7/7
  2845 | D:5      | Found a broken altar of Ashenzari.
  2880 | D:5      | Found a staircase to the Ecumenical Temple.
  2889 | Temple   | Entered the Ecumenical Temple
  2908 | Temple   | Became a worshipper of the Shining One
  2962 | D:5      | Found a glowing drain.
  2974 | Sewer    | Entered a sewer
  3106 | Sewer    | Reached skill level 5 in Fighting
  3226 | Sewer    | Reached skill level 6 in Unarmed Combat
  3373 | Sewer    | Reached XP level 8. HP: 73/80 MP: 8/8
  3382 | Sewer    | Reached skill level 7 in Unarmed Combat
  3819 | D:5      | Found an opulent altar of Gozag.
  4011 | D:5      | Noticed Ijyb
  4028 | D:5      | Killed Ijyb
  4047 | D:5      | Found a runed translucent door.
  4048 | D:5      | Noticed Crazy Yiuf
  4153 | D:5      | Found a runed translucent door.
  4155 | D:5      | Noticed dialectric's ghost (novice DsFi)
  4217 | D:5      | Found a sparkling altar of Nemelex Xobeh.
  4592 | D:6      | Found a shimmering blue altar of Sif Muna.
  4645 | D:6      | Reached skill level 1 in Evocations
  4650 | D:6      | You fall into a shaft and drop 2 floors!
  4802 | D:6      | Reached * piety under the Shining One
  4925 | D:6      | Reached skill level 8 in Unarmed Combat
  5200 | D:7      | Reached XP level 9. HP: 89/89 MP: 9/9
  5404 | D:7      | Found Ytelum's Armour Shoppe.
  5609 | D:7      | Learned a level 1 spell: Slow
  5682 | D:7      | Found a hazy altar of Hepliaklqana.
  5689 | D:7      | Identified the +2 pair of gloves "Nimaun" {rN+ Str+5 Int-2
                  | Dex+3}
  5705 | D:7      | Paralysed by a hornet for 3 turns
  5713 | D:7      | Reached skill level 9 in Unarmed Combat
  5903 | D:8      | Noticed a two-headed ogre
  5919 | D:8      | Killed a two-headed ogre
  5920 | D:8      | Reached skill level 10 in Unarmed Combat
  6095 | D:8      | Reached ** piety under the Shining One
  6115 | D:8      | Reached skill level 1 in Invocations
  6222 | D:8      | Reached XP level 10. HP: 96/102 MP: 10/10
  6278 | D:8      | Found a bloodstained altar of Trog.
  6316 | D:8      | Identified the +3 buckler of the Ancient Tables {rF- rC+
                  | Int+5}
  6591 | D:8      | Found an iron altar of Okawaru.
  6752 | D:9      | Noticed a two-headed ogre
  6759 | D:9      | Killed a two-headed ogre
  6927 | D:9      | Identified the +4 whip "Juypludd" {flame, rF+}
  7180 | D:9      | Reached skill level 11 in Unarmed Combat
  7242 | D:9      | Reached *** piety under the Shining One
  7557 | D:9      | Got the Octavo of the Dead and Accomplices
  7703 | D:9      | Noticed Pikel
  7713 | D:9      | Noticed a centaur warrior
  7729 | D:9      | Killed a centaur warrior
  7730 | D:9      | Reached XP level 11. HP: 88/115 MP: 12/12
  7806 | D:9      | Noticed a tengu warrior
  7906 | D:9      | Found a staircase to the Orcish Mines.
  7912 | D:9      | Reached **** piety under the Shining One
  7945 | D:9      | Noticed a two-headed ogre
  7957 | D:9      | Killed a two-headed ogre
  8095 | D:9      | Noticed a centaur warrior
  8229 | D:9      | Killed a centaur warrior
  8279 | D:9      | Killed a tengu warrior
  8280 | D:9      | Reached skill level 5 in Dodging
  8443 | D:9      | Noticed a fire dragon
  8558 | D:8      | Gained mutation: You are strong-willed. (Will+) [potion of
                  | mutation]
  8558 | D:8      | Gained mutation: You sometimes lose your temper in combat.
                  | [potion of mutation]
  8558 | D:8      | Lost mutation: You are strong-willed. (Will+) [potion of
                  | mutation]
  8558 | D:8      | Gained mutation: Your muscles are strong. (Str +4, Int/Dex
                  | -1) [potion of mutation]
  8583 | D:9      | Killed a fire dragon
  8630 | D:9      | Killed Pikel
  8631 | D:9      | Reached skill level 5 in Invocations
  8784 | D:9      | Got the Thoughts on the Voltaic Excursion
  8800 | D:9      | Identified the +7 giant spiked club of Patterns {flame,
                  | Str+3 Dex+2}
  8869 | D:9      | Reached skill level 12 in Unarmed Combat
  8913 | D:9      | Reached skill level 10 in Fighting
  9113 | D:9      | Found a staircase to the Orcish Mines.
  9780 | D:10     | Entered Level 10 of the Dungeon
  9878 | D:10     | Noticed Josephine
  9888 | D:10     | Killed Josephine
  9896 | D:10     | Reached XP level 12. HP: 126/126 MP: 14/14
  9969 | D:10     | Reached skill level 13 in Unarmed Combat
  9997 | D:10     | Noticed Harold
 10006 | D:10     | Killed Harold
 10072 | D:10     | Identified 2 scrolls of acquirement
 10100 | D:10     | Acquired the +2 hat of the Bear Spirit {Spirit, Bear, *Rage
                  | Will++}
 10100 | D:10     | Found the +2 hat of the Bear Spirit {Spirit, Bear, *Rage
                  | Will++}
 10113 | D:10     | Acquired the amulet "Hifeor Eche" {Acrobat rElec rN+ Will+
                  | rCorr Stlth+}
 10143 | D:10     | Noticed Joseph
 10153 | D:10     | Killed Joseph
 10154 | D:10     | Noticed a two-headed ogre
 10158 | D:10     | Killed a two-headed ogre
 10499 | D:10     | Found a runed translucent door.
 10500 | D:10     | Noticed a sphinx
 10666 | D:10     | Killed a sphinx
 10724 | D:10     | Noticed a two-headed ogre
 10735 | D:10     | Killed a two-headed ogre
 10965 | D:3      | Killed Drablr's ghost
 11065 | D:5      | Killed Crazy Yiuf
 11168 | D:5      | Killed dialectric's ghost
 11320 | D:11     | Noticed a two-headed ogre
 11328 | D:11     | Noticed a boulder beetle
 11335 | D:10     | Killed a two-headed ogre
 11359 | D:11     | Killed a boulder beetle
 11360 | D:11     | Reached skill level 14 in Unarmed Combat
 11824 | D:11     | Found a staircase to the Lair.
 12113 | D:11     | Found a basalt altar of Yredelemnul.
 12248 | Lair:1   | Entered Level 1 of the Lair of Beasts
 12257 | Lair:1   | Noticed a death yak
 12315 | Lair:1   | Noticed a death yak
 12315 | Lair:1   | Noticed a death yak
 12322 | D:11     | Killed a death yak
 12410 | Orc:1    | Entered Level 1 of the Orcish Mines
 12466 | Orc:1    | Reached XP level 13. HP: 137/137 MP: 10/15
 12520 | Orc:2    | Entered Level 2 of the Orcish Mines
 12524 | Orc:1    | Found a frozen archway.
 12577 | IceCv    | Entered an ice cave
 12784 | IceCv    | Reached ***** piety under the Shining One
 13074 | IceCv    | Noticed a reaper
 13080 | IceCv    | Reached skill level 1 in Shields
 13094 | IceCv    | Killed a reaper
 13217 | IceCv    | Identified the +6 ice dragon scales of Sloth {rF- rC++
                  | Str+2 Int+3 Dex+3}
 13623 | Orc:2    | Found a staircase to the Elven Halls.
 13781 | Orc:2    | Reached ****** piety under the Shining One
 14022 | Orc:2    | Reached skill level 5 in Shields
 14057 | Orc:2    | Reached skill level 1 in Armour
 14188 | Orc:2    | Found Zarpha's Magic Scroll Emporium.
 14196 | Orc:2    | Found Maost's Book Shoppe.
 14330 | Orc:2    | Found Githen's Weapon Emporium.
 14464 | Orc:2    | Found Hiefau's Magic Scroll Boutique.
 14468 | Orc:2    | Bought a scroll of blinking for 120 gold pieces
 14766 | Orc:2    | Reached skill level 5 in Armour
 14839 | Orc:2    | Found Zarpha's Magic Scroll Emporium.
 14843 | Orc:2    | Found Maost's Book Shoppe.
 14964 | Orc:2    | Found Hiefau's Magic Scroll Boutique.
 14976 | Orc:2    | Found a staircase to the Elven Halls.
 15064 | Orc:2    | Found Githen's Weapon Emporium.
 15237 | Orc:2    | Bought a scroll of identify for 32 gold pieces
 15237 | Orc:2    | Bought a scroll of identify for 32 gold pieces
 15237 | Orc:2    | Bought a scroll of identify for 32 gold pieces
 15237 | Orc:2    | Bought a scroll of identify for 32 gold pieces
 15241 | Orc:2    | Bought a scroll of teleportation for 48 gold pieces
 15241 | Orc:2    | Bought a scroll of teleportation for 48 gold pieces
 15474 | Lair:1   | You fall into a shaft and drop 1 floor!
 15474 | Lair:2   | Found a hole to the Spider Nest.
 15936 | Lair:1   | Found a runed translucent door.
 16116 | Lair:1   | Noticed Rupert
 16130 | Lair:1   | Killed Rupert
 16131 | Lair:1   | Reached XP level 14. HP: 148/148 MP: 10/16
 17635 | Lair:3   | Reached skill level 15 in Unarmed Combat
 17792 | Lair:3   | Found a staircase to the Swamp.
 18522 | Lair:4   | Found a gate leading to a gauntlet.
 18541 | Gauntlet | Entered a Gauntlet
 18541 | Gauntlet | Found a transporter.
 18550 | Gauntlet | Found a transporter.
 18553 | Gauntlet | Found a transporter.
 18554 | Gauntlet | Found a transporter.
 18562 | Gauntlet | Found a transporter.
 18565 | Gauntlet | Found a transporter.
 18566 | Gauntlet | Found a transporter.
 18575 | Gauntlet | Found a transporter.
 18578 | Gauntlet | Found a transporter.
 18579 | Gauntlet | Found a transporter.
 18587 | Gauntlet | Found a transporter.
 18590 | Gauntlet | Found a transporter.
 18591 | Gauntlet | Found a transporter.
 18608 | Gauntlet | Found a transporter.
 18776 | Gauntlet | Identified the +2 hat of Apathy {Int+3 Slay+5 Stlth-}
 18837 | Gauntlet | Reached XP level 15. HP: 158/158 MP: 17/17
 18889 | Gauntlet | Identified the ring of Salvation {rElec rN+ AC+4 Slay+2}
 18985 | Lair:4   | Found a staircase to the Slime Pits.
 18986 | Lair:4   | Found a viscous altar of Jiyva.
 19656 | Lair:5   | Entered Level 5 of the Lair of Beasts
 20071 | Lair:5   | Reached skill level 16 in Unarmed Combat
 20265 | Lair:5   | Found an iron altar of Okawaru.
 20980 | D:12     | Identified the +11 quarterstaff "Upuiqy" {venom, rPois}
 22243 | D:14     | Reached skill level 10 in Armour
 22330 | D:14     | Reached skill level 17 in Unarmed Combat
 22386 | D:14     | Reached XP level 16. HP: 169/169 MP: 18/18
 22868 | D:14     | Found a gate to the Vaults.
 22915 | D:15     | Entered Level 15 of the Dungeon
 23510 | D:15     | Found a staircase to the Depths.
 23711 | Spider:1 | Entered Level 1 of the Spider Nest
 23885 | Spider:1 | Noticed Louise
 23912 | Spider:1 | Killed Louise
 24573 | Spider:1 | Reached skill level 18 in Unarmed Combat
 25139 | Spider:2 | Identified the granite talisman of the Forgotten Coins
                  | {*Corrode Will- Int+8 SInv}
 25139 | Spider:2 | Noticed Roxanne
 25157 | Spider:2 | Killed Roxanne
 25548 | Spider:2 | Reached XP level 17. HP: 180/180 MP: 17/19
 26406 | Spider:3 | Identified the +2 shortbow "Pomyeh" {flame, +Blink rElec}
 26579 | Spider:3 | HP: 4/182 [broodmother (22)]
 26992 | Spider:4 | Entered Level 4 of the Spider Nest
 27006 | Spider:4 | Reached skill level 10 in Shields
 28284 | Spider:4 | Reached skill level 19 in Unarmed Combat
 28298 | Spider:4 | Reached skill level 15 in Fighting
 28353 | Spider:4 | Got a gossamer rune of Zot
 28556 | Spider:4 | Identified the +1 hat of the Everdark {rCorr Str+5}
 28887 | Swamp:1  | Entered Level 1 of the Swamp
 29189 | Swamp:1  | Reached XP level 18. HP: 190/193 MP: 20/22
 29725 | Swamp:2  | Found a runed translucent door.
 29726 | Swamp:2  | Noticed Jase's ghost (adept HOMo)
 29878 | Swamp:2  | Killed Jase's ghost
 30067 | Swamp:3  | Noticed Jorgrun
 30079 | Swamp:3  | Killed Jorgrun
 30641 | Swamp:4  | Entered Level 4 of the Swamp
 31434 | Swamp:4  | Got a decaying rune of Zot
 32260 | Vaults:1 | Entered Level 1 of the Vaults
 32811 | Orc:2    | Bought a scroll of teleportation for 48 gold pieces
 32811 | Orc:2    | Bought a scroll of revelation for 120 gold pieces
 32859 | Orc:2    | Bought a scroll of teleportation for 48 gold pieces
 32859 | Orc:2    | Bought a scroll of revelation for 120 gold pieces
 32927 | Elf:1    | Entered Level 1 of the Elven Halls
 33224 | Vaults:1 | Reached XP level 19. HP: 200/204 MP: 22/24
 33464 | Vaults:1 | Found Orhomao's Weapon Shoppe.
 33843 | Vaults:1 | Reached skill level 20 in Unarmed Combat
 34254 | Vaults:2 | Found Xunoen's Weapon Shop.
 34333 | Vaults:2 | Found Tueruos Sam's Weapon Emporium.
 35276 | Vaults:2 | Identified the +9 short sword of the Establishment {speed,
                  | Int+5 Dex+6}
 36361 | Vaults:3 | Reached XP level 20. HP: 123/215 MP: 14/25
 36681 | Vaults:3 | Found a staircase to the Crypt.
 36888 | Vaults:3 | Reached skill level 21 in Unarmed Combat
 37908 | Vaults:4 | Paralysed by a formless jellyfish for 1 turns
 38619 | Crypt:1  | Entered Level 1 of the Crypt
 39627 | Crypt:2  | Found a magical portal.
 39633 | WizLab   | Entered Wucad Mu's Monastery
 40052 | WizLab   | Found the crystal ball of Wucad Mu {*channel}
 40161 | WizLab   | Reached skill level 22 in Unarmed Combat
 40161 | WizLab   | Reached XP level 21. HP: 226/226 MP: 20/26
 40391 | Crypt:2  | Found a transporter.
 40582 | Crypt:2  | Found a transporter.
 40664 | Crypt:2  | Reached XP level 22. HP: 239/239 MP: 27/27
 40914 | Crypt:3  | Entered Level 3 of the Crypt
 41431 | Crypt:3  | Found a staircase to the Tomb.
 42212 | Crypt:3  | Acquired a scarf of resistance
 42281 | Crypt:3  | Identified the amulet "Fysaych" {Acrobat ^Drain rElec rF+
                  | rN+++}
 42390 | Crypt:3  | Noticed an ancient lich
 42437 | Crypt:3  | Killed an ancient lich
 42572 | Crypt:3  | Reached skill level 15 in Armour
 42721 | Crypt:3  | Found an ancient bone altar of Kikubaaqudgha.
 43267 | Crypt:3  | Identified the +2 quarterstaff of the Original Sin {drain,
                  | Str+5 Int-2}
 43554 | Depths:1 | Entered Level 1 of the Depths
 43670 | Depths:1 | Noticed Sojobo
 43733 | Depths:1 | Killed Sojobo
 44057 | Depths:1 | Noticed Nikola
 44163 | Depths:1 | Killed Nikola
 44346 | Depths:1 | Found a gateway to Hell.
 44436 | Depths:1 | Noticed Asterion
 44447 | Depths:1 | Killed Asterion
 44567 | Depths:1 | Reached skill level 10 in Dodging
 44622 | Depths:1 | Found a one-way gateway to a ziggurat.
 44795 | Depths:1 | Found a one-way gate leading to the halls of Pandemonium.
 45575 | Depths:2 | Noticed the Enchantress
 45583 | Depths:2 | Reached XP level 23. HP: 252/256 MP: 26/28
 45601 | Depths:2 | Killed the Enchantress
 45751 | Depths:2 | Found a white marble altar of Elyvilon.
 46002 | Depths:2 | Found Luock's Assorted Antiques.
 46044 | Depths:2 | Bought a scroll of enchant armour for 195 gold pieces
 46229 | Depths:2 | Paralysed by an air elemental for 1 turns
 46370 | Depths:2 | Noticed an ancient lich
 46379 | Depths:2 | Killed an ancient lich
 46395 | Depths:2 | Identified the +2 robe of the Original Sin {rC- rCorr Int+3
                  | Slay+2}
 46414 | Depths:2 | Identified the +2 scale mail of Hospitality {Int+3}
 46826 | Depths:3 | Reached skill level 10 in Invocations
 47026 | Depths:3 | Found a one-way gate to the infinite horrors of the Abyss.
 47925 | Elf:1    | Found Fuqoqyuklo's Antique Armour Emporium.
 48286 | Elf:2    | Reached skill level 23 in Unarmed Combat
 48311 | Elf:2    | Noticed Donald
 48361 | Elf:2    | Killed Donald
 48471 | Elf:2    | Found a runed translucent gate.
 48536 | Elf:2    | Found Seast's Distillery.
 48566 | Elf:2    | Bought a potion of curing for 51 gold pieces
 48566 | Elf:2    | Bought a potion of resistance for 170 gold pieces
 48566 | Elf:2    | Bought a potion of curing for 51 gold pieces
 48566 | Elf:2    | Bought a potion of ambrosia for 136 gold pieces
 48583 | Elf:2    | Found Pelagu's Armour Boutique.
 48711 | Elf:2    | Found Nami Jea's Armour Shoppe.
 48767 | Elf:2    | Found a runed translucent gate.
 48767 | Elf:2    | Found a runed translucent gate.
 48789 | Elf:2    | Found Uget's Distillery.
 48813 | Elf:2    | Bought a potion of mutation for 88 gold pieces
 49429 | Elf:3    | Entered Level 3 of the Elven Halls
 49501 | Elf:3    | Noticed Norris
 49504 | Elf:3    | Paralysed by an air elemental for 1 turns
 49521 | Elf:3    | Killed Norris
 49692 | Elf:3    | Found Vaeblir's Magic Scroll Shoppe.
 49692 | Elf:3    | Found Ofiosing's Antique Armour Emporium.
 49697 | Elf:3    | Found Qievousi's Jewellery Shoppe.
 49702 | Elf:3    | Bought a scroll of blinking for 90 gold pieces
 49704 | Elf:3    | Bought a dazzling cloak for 228 gold pieces
 49704 | Elf:3    | Identified the +1 cloak of the Evening {Regen+ rCorr Str+5}
                  | (You bought it in a shop on level 3 of the Elven Halls)
 49815 | Elf:3    | Identified the +9 plate armour of the Furies {rPois rF+
                  | Will- Dex+3}
 50078 | Elf:3    | Found Vadanel's Armour Shop.
 50091 | Elf:3    | Identified the serpent talisman of the Fife {+Blink rF-
                  | Str+3 Stlth+}
 50644 | Vaults:5 | Entered Level 5 of the Vaults
 50671 | Vaults:4 | Reached XP level 24. HP: 232/265 MP: 24/29
 50954 | Vaults:5 | Reached skill level 24 in Unarmed Combat
 51136 | Vaults:5 | Noticed a dread lich
 51152 | Vaults:5 | Noticed an ancient lich
 51213 | Vaults:5 | Killed a dread lich
 51228 | Vaults:5 | Killed an ancient lich
 51283 | Vaults:5 | Reached skill level 25 in Unarmed Combat
 51483 | Vaults:5 | Identified the +2 plate armour of Lies {rPois}
 51701 | Vaults:5 | Identified the staff of the Bear {rF+ Dex+2 Summ Fire}
 51795 | Vaults:5 | Noticed an ancient lich
 51896 | Vaults:5 | Killed an ancient lich
 51991 | Vaults:5 | Reached skill level 26 in Unarmed Combat
 52348 | Vaults:5 | Identified the staff of Cujeuf Dib {*Corrode Will+ Str+6
                  | Int+3 Conj}
 52391 | Vaults:5 | Got the Incunable of Grisly Curses
 52575 | Vaults:5 | Found Efudyuwe's Magic Scroll Emporium.
 52611 | Vaults:5 | Got a silver rune of Zot
 52675 | Vaults:5 | Found Imylalat's Magic Scroll Shoppe.
 52687 | Vaults:5 | Found Plog's Distillery.
 52687 | Vaults:5 | Found Naoxiyw's Magic Scroll Shop.
 53222 | Vaults:5 | Bought a scroll of acquirement for 728 gold pieces
 53227 | Vaults:5 | Acquired 590 gold pieces
 53240 | Vaults:5 | Bought a scroll of acquirement for 1040 gold pieces
 53240 | Vaults:5 | Acquired a manual of Dodging
 53253 | Vaults:5 | Bought a scroll of blinking for 157 gold pieces
 53253 | Vaults:5 | Bought a scroll of fog for 84 gold pieces
 53253 | Vaults:5 | Bought a scroll of blinking for 157 gold pieces
 53253 | Vaults:5 | Bought a scroll of enchant armour for 157 gold pieces
 53267 | Vaults:5 | Bought a potion of curing for 48 gold pieces
 53267 | Vaults:5 | Bought a potion of might for 64 gold pieces
 53267 | Vaults:5 | Bought a potion of curing for 48 gold pieces
 53267 | Vaults:5 | Bought a potion of haste for 160 gold pieces
 53267 | Vaults:5 | Bought a potion of resistance for 160 gold pieces
 53278 | Vaults:5 | Bought 2 scrolls of enchant armour for 300 gold pieces
 53437 | Vaults:5 | Found Plog's Distillery.
 53437 | Vaults:5 | Found Naoxiyw's Magic Scroll Shop.
 53449 | Vaults:5 | Found Efudyuwe's Magic Scroll Emporium.
 53525 | Vaults:5 | Found Imylalat's Magic Scroll Shoppe.
 54471 | Depths:4 | Entered Level 4 of the Depths
 54594 | Depths:4 | Found a transporter.
 54594 | Depths:4 | Noticed a dread lich
 54594 | Depths:4 | Noticed Barug's ghost (adept TrMo)
 54597 | Depths:4 | Found a transporter.
 54716 | Depths:4 | Reached XP level 25. HP: 274/274 MP: 24/29
 55725 | Depths:4 | Found a gate to the Realm of Zot.
 55863 | Depths:4 | Found a blossoming altar of Fedhas.
 55968 | Depths:4 | Found Ihuwkargh's Jewellery Shop.
 55969 | Depths:4 | Found Iligg's Book Emporium.
 55969 | Depths:4 | Found Oquraeg's Book Emporium.
 56319 | Depths:3 | Identified the +7 mace "Heafiorgh" {holy, SInv}
 56321 | Depths:3 | You fall into a shaft and drop 1 floor!
 56483 | Depths:3 | Noticed a juggernaut
 56496 | Depths:2 | Killed a juggernaut
 56651 | Depths:3 | Found a snail-covered altar of Cheibriados.
 56651 | Depths:3 | Found an ornate altar of the Wu Jian Council.
 56652 | Depths:3 | Found a blossoming altar of Fedhas.
 56686 | Depths:3 | Noticed a juggernaut
 56706 | Depths:3 | Killed a juggernaut
 56853 | Depths:3 | Identified the ring "Ytekla" {rPois rF+ Int-3 Stlth+}
 57417 | Zot:1    | Entered Level 1 of the Realm of Zot
 57417 | Zot:1    | Noticed Grunn
 57498 | Depths:4 | HP: 15/548 [doom hound[Grunn] (45)]
 57500 | Depths:4 | Annihilated by a doom hound

Illustrated notes

Levels and vault maps discovered:
D:1:      tarquinn_simple_flora_water_f, layout_loops_ring
D:2:      layout_loops_cross, ebering_ecumenical_altar_sacrificial
D:3:      layout_loops_ring, nicolae_uskayaw_dance_hall, gammafunk_ghost_smash,
          uniq_jessica
D:4:      layout_rooms, kennysheep_generic_room_6
D:5:      layout_loops_cross, cheibrodos_ashenzari_chains,
          mainiacjoe_overflow_catwalk, kennysheep_mini,
          minmay_temple_entry_offerings, portal_sewer_entry_d,
          ebering_ghost_sewer_d, nrook_mini_vaults, serial_bayou_pond_c,
          uniq_crazy_yiuf_cottage, uniq_ijyb
D:6:      layout_gridville, nicolae_sif_muna_condensation,
          kennysheep_generic_room_14
D:7:      layout_basic, lemuel_doored_altar, serial_shops, shop, serial_glass,
          glass_columns_b, glass_columns_a, minmay_misc_feat_rows
D:8:      layout_cave_pods, trog_three_pillars_becter,
          hellmonk_okawaru_the_only_friend_you_need
D:9:      minmay_the_grid_octo_tiled_squarecenter [minmay_the_grid_octo_empty,
          minmay_the_grid_octo_checkered, minmay_the_grid_octo_focus,
          minmay_the_grid_octo_checkerflower,
          minmay_the_grid_square_5x5_megaprize_crossed,
          minmay_the_grid_square_5x5_doubleslash,
          minmay_the_grid_square_5x5_slash, minmay_the_grid_square_5x5_bite,
          minmay_the_grid_square_5x5_lines], layout_loops_ring,
          minmay_orc_entry_guard_dogs, wad_mini_maze, uniq_pikel
D:10:     layout_basic, minivault_13, uniq_josephine, uniq_joseph, uniq_harold
D:11:     layout_cave_pods, david_lair_generic, yredelemnul_altar_generic
D:12:     layout_loops_cross, eino_curves_04
D:13:     layout_loops_cross, serial_glass, glass_columns_a, glass_columns_b
D:14:     layout_rooms, david_vaults_5, bh_walls_and_bars
D:15:     hangedman_depths_entry_try_elsewhere_first, layout_cave_pools,
          abandoned_shop
Temple:   nicolae_temple_superstar
Lair:1:   layout_misc_corridors, pdpol_lair_cabin_in_the_woods
Lair:2:   nzn_winding_woodlands_medium [nzn_winding_woodlands_5x5_default,
          nzn_winding_woodlands_5x15_pockets,
          nzn_winding_woodlands_5x5_closed_star,
          nzn_winding_woodlands_hourglass,
          nzn_winding_woodlands_center_diamonds,
          nzn_winding_woodlands_5x5_perimeter,
          nzn_winding_woodlands_5x5_default,
          nzn_winding_woodlands_5x15_river_crossing,
          nzn_winding_woodlands_5x5_three], layout_regular_city,
          dummy_spider_entry, pdpol_lair_cavern_descent
Lair:3:   layout_regular_city, palyth_hydra_swamp_entry
Lair:4:   layout_cave_pods, slime_entry_1, gauntlet_entry_generic
Lair:5:   hangedman_lair_caniforms_friends, layout_misc_corridors,
          lemuel_oklob_altar
Swamp:1:  layout_falls_marsh, evilmike_swamp_ruin_house_1
Swamp:2:  layout_falls_marsh, gammafunk_ghost_grave,
          evilmike_swamp_ruin_rubble_2
Swamp:3:  layout_basic_swamp, serial_swamp_ruin, evilmike_swamp_ruin_house_2,
          evilmike_swamp_ruin_rubble_1, evilmike_swamp_ruin_house_3,
          swamp_pool_1_2, uniq_jorgrun
Swamp:4:  swamp_alternative, layout_basic_swamp,
          nicolae_swamp_decorative_isthmus
Spider:1: layout_chambers, nicolae_spider_solar_radiation, uniq_louise
Spider:2: layout_spider_delve, nicolae_spider_stair_cavern,
          hangedman_spider_tarantella_strand, uniq_roxanne
Spider:3: nicolae_spider_hall_of_the_moth_king
Spider:4: guppyfry_spider_rune
Orc:1:    layout_caves, portal_ice_cave_entry_pillars_1
Orc:2:    st_orc_town, layout_diamond_mine, serial_shops,
          nicolae_shop_back_alley_shop
Elf:1:    eino_elf_arrival_the_gate, layout_loops_cross, serial_shops, shop,
          hangedman_elf_disciples, dreamdust_princess_corridor,
          amcnicky_mini_pool_small, nicolae_elf_deep_friendship
Elf:2:    elven_hall_of_blades_hangedman_original
          [nicolae_blade_entry_area_security], layout_gridlike, serial_shops,
          nicolae_shop_behind_doors, shop, nicolae_shop_peninsula, shop,
          nicolae_elf_variegated_diamond, uniq_donald
Elf:3:    elf_hall, layout_gridlike, serial_shops, nicolae_diamond_shop,
          nicolae_elf_big_sculpture_2, grunt_megastairs_3, minmay_shop_star,
          uniq_norris
Vaults:1: v_misc_9, vaults_dpeg_hooks, nicolae_vaults_circle_grid_b,
          nicolae_vaults_storage_closets_2, nicolae_vaults_house_1,
          nicolae_vaults_variable_pillar_hall, vaults_mumra_minichess_inversion,
          nicolae_vaults_closet_pinwheel_4,
          nicolae_vaults_offset_grid_hallway_4, nicolae_vaults_shelves_hall,
          nicolae_vaults_trapezoid_lopsided_1, ontoclasm_vaults_fault, v_misc_5,
          nicolae_vaults_hexular_roomagon, layout_vaults_omnibox, serial_shops,
          nicolae_shop_behind_doors
Vaults:2: v_rooms_5, nicolae_vaults_taking_the_gang_shopping, v_misc_17,
          vaults_mumra_bighexcomb, v_misc_32, hangedman_vaults_stagger,
          hangedman_vaults_hat, vaults_room_pool, v_misc_11,
          nicolae_vaults_trapezoid_lopsided_3, nicolae_vaults_circle_grid_a,
          nicolae_vaults_little_squares_5, nicolae_vaults_little_squares_2,
          layout_vaults_big_cross, serial_shops, nicolae_shop_just_a_little_nook
Vaults:3: hangedman_vaults_stretched_pinwheel, hangedman_vaults_snaps,
          nicolae_vaults_more_shelving_1, grunt_vaults_focal,
          nicolae_vaults_shipping_containers_7, minmay_crypt_entry_vampire_xt,
          vaults_room_door_ring, nicolae_vaults_little_squares_4,
          layout_vaults_quadrants
Vaults:4: nicolae_vaults_display_case, hangedman_vaults_corner,
          nicolae_vaults_tetromino_T_2, nicolae_vaults_back_hallway,
          nicolae_vaults_door_testing_chamber, v_misc_11,
          nicolae_vaults_doubleplus_tesselated, v_rooms_1,
          serial_library_hellmonk_open_square, vaults_dpeg_encased_lava,
          nicolae_vaults_big_ls, nicolae_vaults_little_squares_4,
          ontoclasm_vaults_gateway, nicolae_vaults_storage_room_statues,
          layout_vaults_maze
Vaults:5: serial_shops
Crypt:1:  layout_misc_corridors, nicolae_crypt_lurching_hallway
Crypt:2:  gammafunk_dig_for_victory, layout_chaotic_city,
          infiniplex_enter_wizlab_spiral
Crypt:3:  evilmike_haunted_forest
Depths:1: layout_cave_pools, enter_ziggurat_c, rand_demon_pan_entry_9,
          grunt_mini_vestibule, serial_column_ruins, column_ruins_grid_1,
          column_ruins_columns_straight, column_ruins_open_tiny,
          column_ruins_columns_dead_end, column_ruins_open_tiny_water,
          minmay_misc_feat_room, nicolae_tricolors, uniq_asterion, uniq_nikola,
          uniq_sojobo
Depths:2: constructs_gauntlet_mu_hangedman, layout_gridlike, serial_shops,
          nicolae_shop_hallway_stairs, grunt_pan_entry_zigzag, elyvilon_altar_4,
          hell_entry, infiniplex_staircase_spiral_double, uniq_enchantress
Depths:3: hangedman_slaughterboxes, abyss_entry, hell_entry
Depths:4: evilmike_zot_entry_round, layout_gridlike, gammafunk_ghost_mausoleum,
          grunt_hell_entry_dis_grunt, fedhas_altar_4, minmay_shop_grove,
          serial_bayou_shore_b
Zot:1:    gammafunk_mikee_crab_dinner, layout_misc_corridors,
          nicolae_rock_paper_scissors, grunt_megastairs_5, uniq_josephina,
          uniq_parghit, uniq_grunn

Skill      XL: |  1  2  3  4  5  6  7  8  9 10 11 12 13 14 15 16 17 18 19 20 21 22 23 24 25 |
---------------+----------------------------------------------------------------------------+-----
Unarmed Combat | 1 2 3 4 5 6 8 10 11 12 14 15 17 18 19 20 22 23 26 | 26.0
Fighting       | 1 2 3 4 5 6 7 9 10 11 12 13 14 15 16 17 18 20 | 20.2
Dodging        | 3 4 5 6 7 9 10 11 14 | 14.1
Evocations     | 1 3 |  3.0
Invocations    | 1 3 5 6 9 10 | 10.0
Spellcasting   | 2 |  2.0
Shields        | 6 8 9 10 11 12 | 12.0
Armour         | 6 8 10 11 12 13 14 16 17 18 20 | 20.0
Short Blades   | |  0.7
Stealth        | |  1.5
Hexes          | |  2.0

Action                     |  1- 3 |  4- 6 |  7- 9 | 10-12 | 13-15 | 16-18 | 19-21 | 22-24 | 25-27 || total
---------------------------+-------+-------+-------+-------+-------+-------+-------+-------+-------++-------
  Melee: Unarmed           |   113 |    67 |   351 |   461 |  1271 |  1235 |  1140 |  1623 |   383 ||  6644
         Punch             |     2 |     2 |    16 |    39 |    14 |       |       |       |       ||    73
         Trident           |       |       |       |       |    56 |    60 |       |       |       ||   116
   Fire: Sling             |    12 |    65 |     5 |       |       |       |       |       |       ||    82
  Throw: Dart              |       |       |    12 |       |       |       |       |       |       ||    12
         Boomerang         |       |       |       |     8 |     1 |       |       |       |       ||     9
         Large rock        |       |       |       |       |       |    15 |     1 |       |       ||    16
   Cast: Slow              |       |       |       |     2 |       |       |       |       |       ||     2
 Invoke: Divine Shield     |       |       |       |     2 |     1 |       |       |       |       ||     3
         Cleansing Flame   |       |       |       |       |     1 |       |       |       |       ||     1
  Evoke: Wand              |       |       |     2 |     2 |     1 |       |       |     4 |       ||     9
         Phial of floods   |       |       |       |       |     1 |       |       |     1 |       ||     2
         Box of beasts     |       |       |       |       |       |       |       |     1 |       ||     1
    Use: Scroll            |       |     4 |     6 |     9 |    18 |     8 |     2 |     5 |    12 ||    64
         Potion            |       |       |     2 |     3 |       |     4 |     1 |       |       ||    10
   Stab: Sleeping          |     4 |     2 |       |       |       |       |       |       |       ||     6
 Armour: Robe              |    69 |    40 |   146 |   125 |       |       |       |       |       ||   380
         Steam dragon scal |       |       |       |   139 |   112 |       |       |       |       ||   251
         Ice dragon scales |       |       |       |       |   729 |  1161 |   887 |   993 |    32 ||  3802
         Gold dragon scale |       |       |       |       |       |       |       |       |   233 ||   233
  Dodge: Dodged            |    54 |    32 |   222 |   298 |   629 |   546 |   476 |   529 |   145 ||  2931
  Block: Other             |       |       |       |     4 |       |       |       |       |       ||     4
         Kite shield       |       |       |       |       |   860 |   931 |   734 |   852 |   188 ||  3565
